[Event "10th Uppsala Young Champions 2023"]
[Site "Uppsala"]
[Date "2023.11.01"]
[Round "8.8"]
[White "Morell, Oscar"]
[Black "Morell, Ludvig"]
[Result "1/2-1/2"]
[ECO "B96"]
[WhiteElo "1942"]
[BlackElo "2017"]
[Annotator "RC"]
[PlyCount "55"]
[EventDate "2023.10.27"]
[EventType "swiss"]
[EventCountry "SWE"]
[SourceTitle "playchess.com"]
[Source "ChessBase"]
[SourceQuality "1"]
[TimeControl "5400+30"]

1. e4 c5 2. Nf3 d6 3. d4 cxd4 4. Nxd4 Nf6 5. Nc3 a6 6. Bg5 e6 7. f4 Nbd7 8. Qf3 Qc7 9. O-O-O b5 10. e5 Bb7 11. Qh3 dxe5 12. Nxe6 fxe6 13. Qxe6+ Be7 14. Bxf6 gxf6 15. Bxb5 axb5 16. Nxb5 Qc6 17. Nd6+ Kd8 18. Nxb7+ Qxb7 19. Rxd7+ Qxd7 20. Rd1 Qxd1+ 21. Kxd1 Ke8 22. fxe5 fxe5 23. Qc6+ Kf7 24. Qd5+ Kf6 25. Qc6+ Kf7 26. Qd5+ Kf6 27. Qc6+ Kf7 28. Qd5+ 1/2-1/2

[Event "10th Uppsala Young Champions 2023"]
[Site "Uppsala"]
[Date "2023.11.01"]
[Round "8.9"]
[White "Valcu, Lavinia"]
[Black "Muntean, Victor"]
[Result "*"]
[ECO "A80"]
[WhiteElo "1990"]
[BlackElo "2092"]
[Annotator "RC"]
[PlyCount "89"]
[EventDate "2023.10.27"]
[EventType "swiss"]
[EventCountry "SWE"]
[SourceTitle "playchess.com"]
[Source "ChessBase"]
[SourceQuality "1"]
[TimeControl "5400+30"]

1. d4 f5 2. Nc3 Nf6 3. Bg5 d5 4. e3 Nbd7 5. Nf3 e6 6. Be2 Be7 7. Ne5 Nxe5 8. dxe5 Nd7 9. Bxe7 Qxe7 10. f4 Nb6 11. O-O Bd7 12. b3 O-O-O 13. a4 g5 14. a5 Na8 15. Na4 gxf4 16. Qd4 Bxa4 17. Qxa7 Bc6 18. Qxa8+ Kd7 19. Qa7 Ra8 20. Qd4 fxe3 21. b4 Ke8 22. b5 Bd7 23. b6 c5 24. Qxe3 Bc6 25. c3 Rg8 26. Rf2 d4 27. cxd4 cxd4 28. Qxd4 Qg5 29. Bf1 Rd8 30. Qf4 Qxf4 31. Rxf4 Rd5 32. Rc4 Kd7 33. a6 bxa6 34. Rxa6 Rxe5 35. Ra7+ Kd6 36. Rxh7 Re1 37. Kf2 Rb1 38. Rc2 Rxb6 39. g3 Be4 40. Rd2+ Ke5 41. Bg2 Rgb8 42. Bxe4 Kxe4 43. Rhd7 Rb2 44. R7d4+ Ke5 45. h4 *

[Event "10th Uppsala Young Champions 2023"]
[Site "Uppsala"]
[Date "2023.11.01"]
[Round "8.10"]
[White "Steiners, Emils"]
[Black "Ostensson, Julia"]
[Result "*"]
[ECO "E74"]
[WhiteElo "1914"]
[BlackElo "1878"]
[Annotator "RC"]
[PlyCount "20"]
[EventDate "2023.10.27"]
[EventType "swiss"]
[EventCountry "SWE"]
[SourceTitle "playchess.com"]
[Source "ChessBase"]
[SourceQuality "1"]
[TimeControl "5400+30"]

1. d4 Nf6 2. c4 g6 3. Nc3 Bg7 4. e4 d6 5. Be2 O-O 6. Bg5 c5 7. d5 h6 8. Be3 e6 9. Qd2 exd5 10. exd5 Kh7 *

[Event "10th Uppsala Young Champions 2023"]
[Site "Uppsala"]
[Date "2023.11.01"]
[Round "8.11"]
[White "Nilsson, Oliver"]
[Black "Frank, Anton"]
[Result "*"]
[ECO "B13"]
[WhiteElo "1933"]
[BlackElo "1997"]
[Annotator "RC"]
[PlyCount "68"]
[EventDate "2023.10.27"]
[EventType "swiss"]
[EventCountry "SWE"]
[SourceTitle "playchess.com"]
[Source "ChessBase"]
[SourceQuality "1"]
[TimeControl "5400+30"]

1. e4 c6 2. d4 d5 3. exd5 cxd5 4. Bd3 Nc6 5. c3 Nf6 6. Bf4 Bg4 7. Qb3 Qd7 8. Nd2 e6 9. Ngf3 Bd6 10. Bxd6 Qxd6 11. O-O O-O 12. Rae1 Ne7 13. Ne5 Bf5 14. f4 Bxd3 15. Nxd3 b5 16. Qd1 a5 17. a3 Nc6 18. f5 b4 19. fxe6 fxe6 20. a4 bxc3 21. bxc3 Rae8 22. Qb3 e5 23. Ne4 Nxe4 24. Rxe4 Rxf1+ 25. Kxf1 Rb8 26. Qa2 exd4 27. cxd4 Rd8 28. g3 Qg6 29. Nc5 Nb4 30. Qb3 Rf8+ 31. Kg2 Qh6 32. Rf4 Rxf4 33. gxf4 Qxf4 34. Qh3 h6 *

[Event "10th Uppsala Young Champions 2023"]
[Site "Uppsala"]
[Date "2023.11.01"]
[Round "9.1"]
[White "Gavrilescu, David"]
[Black "Grahn, Vidar"]
[Result "1-0"]
[ECO "B48"]
[WhiteElo "2534"]
[BlackElo "2133"]
[Annotator "RC"]
[PlyCount "63"]
[EventDate "2023.10.27"]
[EventType "swiss"]
[EventCountry "SWE"]
[SourceTitle "playchess.com"]
[Source "ChessBase"]
[SourceQuality "1"]
[TimeControl "5400+30"]

1. e4 c5 2. Nf3 e6 3. d4 cxd4 4. Nxd4 Nc6 5. a3 a6 6. Be3 Nf6 7. Nc3 Qc7 8. f4 d5 9. e5 Ne4 10. Nxe4 dxe4 11. Be2 b5 12. O-O Bc5 13. Kh1 Nxd4 14. Bxd4 O-O 15. Bxc5 Qxc5 16. c4 b4 17. Qd6 Qe3 18. Bg4 bxa3 19. Rxa3 Qa7 20. Rg3 Rb8 21. b3 e3 22. Qd3 Bb7 23. Rd1 Qa8 24. Qxe3 Rfd8 25. Rd6 Be4 26. h3 a5 27. Kh2 Qb7 28. Qd4 Rdc8 29. Bxe6 fxe6 30. Rd7 Qc6 31. Rgxg7+ Kh8 32. Qa7 1-0

[Event "10th Uppsala Young Champions 2023"]
[Site "Uppsala"]
[Date "2023.11.01"]
[Round "9.2"]
[White "Sorensen, Hampus"]
[Black "Seiger, Vidar"]
[Result "1-0"]
[ECO "E70"]
[WhiteElo "2470"]
[BlackElo "1908"]
[Annotator "ChessBase"]
[PlyCount "45"]
[EventDate "2023.10.27"]
[EventType "swiss"]
[EventCountry "SWE"]
[SourceTitle "playchess.com"]
[Source "ChessBase"]
[SourceQuality "1"]
[TimeControl "5400+30"]

1. d4 Nf6 2. c4 g6 3. Nc3 Bg7 4. e4 O-O 5. h3 Nc6 6. d5 Nb4 7. Nge2 d6 8. Ng3 c6 9. Be2 e6 10. dxe6 Bxe6 11. Be3 Qe7 12. O-O Rad8 13. a3 Na6 14. Bd4 h5 15. Re1 h4 16. Nf1 d5 17. cxd5 Nc5 18. dxe6 Qxe6 19. Bxc5 Rxd1 20. Raxd1 Re8 21. Nd2 Nd7 22. Be3 b5 23. Bxa7 1-0

[Event "10th Uppsala Young Champions 2023"]
[Site "Uppsala"]
[Date "2023.11.01"]
[Round "9.3"]
[White "Omarsson, Adam"]
[Black "Falkevall, Axel"]
[Result "0-1"]
[ECO "E94"]
[WhiteElo "1946"]
[BlackElo "2280"]
[Annotator "ChessBase"]
[PlyCount "72"]
[EventDate "2023.10.27"]
[EventType "swiss"]
[EventCountry "SWE"]
[SourceTitle "playchess.com"]
[Source "ChessBase"]
[SourceQuality "1"]
[TimeControl "5400+30"]

1. d4 Nf6 2. c4 g6 3. Nc3 Bg7 4. e4 d6 5. Nf3 O-O 6. Be2 e5 7. d5 Nbd7 8. O-O Nc5 9. Qc2 a5 10. Bg5 h6 11. Be3 b6 12. Nd2 Nh7 13. a3 f5 14. f3 a4 15. Bxc5 bxc5 16. Nxa4 h5 17. b4 Bh6 18. Nc3 Be3+ 19. Kh1 f4 20. Nb3 g5 21. Nd1 Bd4 22. Nxd4 cxd4 23. c5 g4 24. cxd6 g3 25. Bb5 Qh4 26. h3 cxd6 27. Kg1 Ng5 28. Qc7 Rf7 29. Qxd6 Rg7 30. Qxe5 Bxh3 31. gxh3 g2 32. Qxg7+ Kxg7 33. Kxg2 Qg3+ 34. Kh1 Qxh3+ 35. Kg1 Qg3+ 36. Kh1 Nxf3 0-1

[Event "10th Uppsala Young Champions 2023"]
[Site "Uppsala"]
[Date "2023.11.01"]
[Round "9.5"]
[White "Briem, Stephan"]
[Black "Mai, Alexander Oliver"]
[Result "1/2-1/2"]
[ECO "E11"]
[WhiteElo "2144"]
[BlackElo "2118"]
[Annotator "NA"]
[PlyCount "27"]
[EventDate "2023.10.27"]
[EventType "swiss"]
[EventCountry "SWE"]
[SourceTitle "playchess.com"]
[Source "ChessBase"]
[SourceQuality "1"]
[TimeControl "5400+30"]

1. d4 Nf6 2. c4 e6 3. Nf3 d5 4. g3 Bb4+ 5. Bd2 Be7 6. Bg2 O-O 7. O-O c6 8. Qc2 Nbd7 9. Rc1 a5 10. Bf4 Nh5 11. Bd2 Nhf6 12. Bf4 Nh5 13. Bd2 Nhf6 14. Bf4 1/2-1/2

[Event "10th Uppsala Young Champions 2023"]
[Site "Uppsala"]
[Date "2023.11.01"]
[Round "9.6"]
[White "Morell, Ludvig"]
[Black "Oksendal, Martin"]
[Result "0-1"]
[ECO "B90"]
[WhiteElo "2017"]
[BlackElo "2123"]
[Annotator "NA"]
[PlyCount "76"]
[EventDate "2023.10.27"]
[EventType "swiss"]
[EventCountry "SWE"]
[SourceTitle "playchess.com"]
[Source "ChessBase"]
[SourceQuality "1"]
[TimeControl "5400+30"]

1. e4 c5 2. Nf3 d6 3. d4 cxd4 4. Nxd4 Nf6 5. Nc3 a6 6. f3 e5 7. Nb3 Be6 8. Be3 h5 9. Qd2 Nbd7 10. Nd5 Bxd5 11. exd5 g6 12. Be2 Bg7 13. O-O b6 14. c4 O-O 15. Bh6 a5 16. Bxg7 Kxg7 17. a4 Qc7 18. Qc3 Rfe8 19. Bd3 Nc5 20. Nd2 Rac8 21. b3 Na6 22. f4 Nxd5 23. Qb2 Nf6 24. f5 Nb4 25. Qb1 Qc5+ 26. Kh1 Qe3 27. fxg6 Qxd3 28. gxf7 Rf8 29. Qe1 Rxf7 30. Rf3 Qd4 31. Qg3+ Kh7 32. Raf1 Qxd2 33. Qh3 Rcf8 34. Qf5+ Kg8 35. Rg3+ Rg7 36. Rg6 Qd3 37. Qe6+ Kh7 38. Rgxf6 Qxf1+ 0-1

[Event "10th Uppsala Young Champions 2023"]
[Site "Uppsala"]
[Date "2023.11.01"]
[Round "9.7"]
[White "Ljung, Harald"]
[Black "Morell, Oscar"]
[Result "1/2-1/2"]
[ECO "D30"]
[WhiteElo "2159"]
[BlackElo "1942"]
[Annotator "ChessBase"]
[PlyCount "100"]
[EventDate "2023.10.27"]
[EventType "swiss"]
[EventCountry "SWE"]
[SourceTitle "playchess.com"]
[Source "ChessBase"]
[SourceQuality "1"]
[TimeControl "5400+30"]

1. d4 Nf6 2. Nf3 e6 3. Bg5 d5 4. Nbd2 Be7 5. e3 O-O 6. Bd3 b6 7. O-O Bb7 8. c4 Nbd7 9. Rc1 c5 10. cxd5 exd5 11. dxc5 bxc5 12. h3 Qb6 13. Qc2 Rac8 14. Bxh7+ Nxh7 15. Bxe7 Rfe8 16. Bh4 Nhf8 17. Qb3 Ng6 18. Bg3 Nge5 19. Nxe5 Nxe5 20. Bxe5 Rxe5 21. Qxb6 axb6 22. Nf3 Re4 23. a3 f6 24. Rfd1 Kf7 25. Nd2 Re7 26. Nb3 g5 27. a4 Ra8 28. Ra1 Re4 29. a5 Rb4 30. Ra3 c4 31. Nd4 Rxa5 32. Rxa5 bxa5 33. Ra1 a4 34. Ra2 Ke7 35. Kf1 Kd6 36. Ke2 Bc6 37. Kd2 Bd7 38. Kc3 Rb8 39. Ra1 Kc5 40. Re1 Re8 41. Re2 Re7 42. Rd2 Re8 43. Ne2 Bf5 44. Nd4 Bd7 45. Rd1 Rb8 46. Rh1 Rh8 47. f3 f5 48. Re1 Re8 49. Re2 Re7 50. Re1 Re8 1/2-1/2

[Event "10th Uppsala Young Champions 2023"]
[Site "Uppsala"]
[Date "2023.11.01"]
[Round "9.8"]
[White "Muntean, Victor"]
[Black "Steiners, Emils"]
[Result "0-1"]
[ECO "C02"]
[WhiteElo "2092"]
[BlackElo "1914"]
[Annotator "NA"]
[PlyCount "94"]
[EventDate "2023.10.27"]
[EventType "swiss"]
[EventCountry "SWE"]
[SourceTitle "playchess.com"]
[Source "ChessBase"]
[SourceQuality "1"]
[TimeControl "5400+30"]

1. e4 e6 2. d4 d5 3. e5 c5 4. c3 Nc6 5. Nf3 Qb6 6. Bd3 cxd4 7. O-O Bd7 8. Re1 Rc8 9. h4 a6 10. Qe2 Nge7 11. Nbd2 dxc3 12. bxc3 Na5 13. Rb1 Qa7 14. Ba3 b5 15. Ng5 h6 16. Nh7 Nc4 17. Bxc4 Rxh7 18. Bd3 Rh8 19. Nb3 Nc6 20. Bxf8 Rxf8 21. Qg4 g6 22. h5 gxh5 23. Qxh5 Kd8 24. a4 bxa4 25. Qh4+ Ke8 26. Nc1 Rb8 27. Ra1 Qc5 28. Ne2 a5 29. Nf4 Bc8 30. Nh5 Kd7 31. Nf6+ Kc7 32. Qxh6 Bd7 33. c4 Rb2 34. Qf4 d4 35. Rxa4 Nb4 36. Ra3 Nc2 37. Bxc2 Qxa3 38. Qxd4 Bc6 39. Rd1 Rxc2 40. Qa7+ Kc8 41. Nd7 Rb2 42. Nc5 Rd8 43. Qa6+ Kc7 44. Rxd8 Rb1+ 45. Kh2 Rh1+ 46. Kxh1 Qh3+ 47. Kg1 Qxg2# 0-1

[Event "10th Uppsala Young Champions 2023"]
[Site "Uppsala"]
[Date "2023.11.01"]
[Round "9.9"]
[White "Harish, Neeraj"]
[Black "Valcu, Lavinia"]
[Result "1/2-1/2"]
[ECO "B12"]
[WhiteElo "2076"]
[BlackElo "1990"]
[Annotator "NA"]
[PlyCount "104"]
[EventDate "2023.10.27"]
[EventType "swiss"]
[EventCountry "SWE"]
[SourceTitle "playchess.com"]
[Source "ChessBase"]
[SourceQuality "1"]
[TimeControl "5400+30"]

1. e4 c6 2. d4 d5 3. e5 Bf5 4. h4 h5 5. Bd3 Bxd3 6. Qxd3 e6 7. Bg5 Be7 8. Nf3 Nh6 9. O-O Nd7 10. Nbd2 Nf5 11. g3 O-O 12. Rfe1 Rc8 13. Nf1 c5 14. c3 Bxg5 15. Nxg5 cxd4 16. cxd4 Qb6 17. Ne3 Qxd4 18. Qe2 Qxe5 19. Qxh5 Nf6 20. Qf3 Nxe3 21. Rxe3 Qxb2 22. Rae1 d4 23. Rb3 Qd2 24. Rd1 Rc1 25. Rxc1 Qxc1+ 26. Kg2 b6 27. Rd3 e5 28. Qf5 Qc6+ 29. Kh2 Re8 30. Rd2 Qd7 31. Qd3 b5 32. Re2 Qd5 33. f3 Qc4 34. Qd2 Qc3 35. Qd1 e4 36. Nxe4 Nxe4 37. fxe4 d3 38. Rd2 Rd8 39. e5 a5 40. Qe1 Kh8 41. Qe3 Qd4 42. Qf3 Qd5 43. Qe3 b4 44. h5 Kh7 45. Qf4 Qd7 46. h6 gxh6 47. Rxd3 Qxd3 48. Qxf7+ Kh8 49. Qf6+ Kg8 50. Qe6+ Kf8 51. Qf6+ Kg8 52. Qe6+ Kf8 1/2-1/2

[Event "10th Uppsala Young Champions 2023"]
[Site "Uppsala"]
[Date "2023.11.01"]
[Round "9.10"]
[White "Ostensson, Julia"]
[Black "Nilsson, Oliver"]
[Result "0-1"]
[ECO "B50"]
[WhiteElo "1878"]
[BlackElo "1933"]
[Annotator "NA"]
[PlyCount "94"]
[EventDate "2023.10.27"]
[EventType "swiss"]
[EventCountry "SWE"]
[SourceTitle "playchess.com"]
[Source "ChessBase"]
[SourceQuality "1"]
[TimeControl "5400+30"]

1. d3 Nf6 2. Nf3 g6 3. Nbd2 Bg7 4. e4 d6 5. Be2 O-O 6. O-O c5 7. c3 e5 8. b4 cxb4 9. cxb4 a5 10. b5 Nbd7 11. Nc4 Nc5 12. Ba3 Bg4 13. Nfxe5 Bxe2 14. Qxe2 Rc8 15. Nf3 Re8 16. Ne3 Qd7 17. Rab1 d5 18. e5 Nh5 19. Bxc5 Rxc5 20. d4 Nf4 21. Qb2 Rc3 22. Kh1 Rec8 23. Qd2 Bh6 24. a4 Nxg2 25. Rbc1 Rxc1 26. Rxc1 Rxc1+ 27. Qxc1 Nxe3 28. fxe3 Qh3 29. Qd1 Bxe3 30. Qe2 Bf4 31. Qg2 Qc8 32. Qa2 Qc4 33. Qxc4 dxc4 34. Ne1 f5 35. exf6 Kf7 36. Kg2 Kxf6 37. h3 Bd2 38. Nc2 Ke6 39. Kf3 Kd5 40. Ke2 Bc1 41. Kf3 h5 42. h4 c3 43. Na1 Ba3 44. Kg3 Bd6+ 45. Kf3 Be7 46. Kg3 b6 47. Nc2 Ke4 0-1

[Event "10th Uppsala Young Champions 2023"]
[Site "Uppsala"]
[Date "2023.11.01"]
[Round "9.11"]
[White "Frank, Anton"]
[Black "Tripathi, Pratyush"]
[Result "1/2-1/2"]
[ECO "D23"]
[WhiteElo "1997"]
[BlackElo "1801"]
[Annotator "NA"]
[PlyCount "174"]
[EventDate "2023.10.27"]
[EventType "swiss"]
[EventCountry "SWE"]
[SourceTitle "playchess.com"]
[Source "ChessBase"]
[SourceQuality "1"]
[TimeControl "5400+30"]

1. d4 d5 2. c4 c6 3. Nf3 Nf6 4. Qb3 dxc4 5. Qxc4 Bf5 6. g3 Nbd7 7. Bg2 e6 8. O-O Be7 9. e3 O-O 10. Qe2 Qc7 11. Rd1 Rfe8 12. Nc3 Ne4 13. Ne1 Ndf6 14. f3 Nxc3 15. bxc3 Rad8 16. e4 Bg6 17. Nd3 c5 18. Be3 Qa5 19. Rac1 Qa6 20. dxc5 Nd7 21. Qc2 Qa5 22. Qf2 Rc8 23. Rb1 Qc7 24. Rd2 Red8 25. Rdb2 Rb8 26. Bf1 Bf6 27. Bd4 e5 28. Be3 Be7 29. c6 bxc6 30. Bxa7 Rxb2 31. Rxb2 c5 32. Bxc5 Nxc5 33. Nb4 Na4 34. Na6 Qxc3 35. Rc2 Qa5 36. Kg2 Bd6 37. Bc4 Nc5 38. Nxc5 Bxc5 39. Qxc5 Qxc5 40. Bxf7+ Bxf7 41. Rxc5 Bxa2 42. Rxe5 Rd2+ 43. Kh3 Bc4 44. Rh5 Be2 45. Rf5 Bf1+ 46. Kg4 Rxh2 47. Kf4 g6 48. Ra5 Kf7 49. Ra1 Bb5 50. g4 Bd7 51. Kg3 Rd2 52. Ra3 Rd1 53. Rc3 h6 54. Ra3 Kf6 55. Ra6+ Be6 56. Ra3 Rc1 57. Kf4 Rc5 58. Ra7 Bf7 59. Ra6+ Be6 60. Ra7 Bf7 61. Ra6+ Kg7 62. Ra3 Rc6 63. Rd3 Be6 64. Ra3 Rc2 65. Ra7+ Bf7 66. Ra3 Rg2 67. Ke5 Rb2 68. Kf4 Rg2 69. Ke5 Rg3 70. Kd6 h5 71. gxh5 gxh5 72. Ke5 Rg1 73. f4 Rg2 74. f5 Rg4 75. Re3 Be8 76. Ke6 Bf7+ 77. Ke7 Rf4 78. Rg3+ Rg4 79. f6+ Kg6 80. Re3 Rf4 81. e5 h4 82. Re1 Bg8 83. Rg1+ Kh7 84. e6 Bxe6 85. Kxe6 h3 86. Rg3 h2 87. Rh3+ Kg6 1/2-1/2